 Dungeon Crawl Stone Soup version 0.14-a0-2091-gca92d1a (webtiles) character file.

419 Mitsuki the Covert (level 6, -7/30 HPs)
             Began as a Spriggan Assassin on Jan 25, 2014.
             Mangled by a mummy (13 damage)
             ... on Level 6 of the Dungeon.
             The game lasted 00:21:02 (4047 turns).

Mitsuki the Covert (Spriggan Assassin)              Turns: 4047, Time: 00:21:02

HP  -7/30        AC  4     Str  8      XL: 6   Next:  7%
MP  13/13        EV 17     Int 13      God:
Gold 134         SH  0     Dex 18      Spells:  0 memorised,  5 levels left

rFire  . . .     SeeInvis +     a - +3,+2 dagger
rCold  . . .     Clarity  .     c - +1 robe
rNeg   . . .     Conserve .     (shield restricted)
rPois  .         rCorr    .     (helmet restricted)
rElec  .         rRot     .     d - +0 cloak
SustAb . .       Spirit   .     (gloves unavailable)
rMut   .         Warding  .     (boots unavailable)
Saprov . . .     Stasis   .     (no amulet)
MR     +....                    (no ring)
                                (no ring)

@: very quick, somewhat resistant to hostile enchantments, extremely stealthy
A: unfitting armour, see invisible, herbivore 3, speed 3, slow metabolism 2
a: no special abilities


You were on level 6 of the Dungeon.
You were full.

You visited 1 branch of the dungeon, and saw 6 of its levels.

You collected 134 gold pieces.

Inventory:

Hand weapons
 a - a +3,+2 dagger (weapon)
 b - a +0 blowgun
Missiles
 e - 6 poisoned needles
 f - 2 curare-tipped needles
 i - 41 darts (quivered)
 E - 3 darts of dispersal
Armour
 c - a +1 robe (worn)
 d - a +0 cloak (worn)
 A - a +0 buckler
Magical devices
 C - a wand of digging (11)
 G - a wand of polymorph (10) {unknown}
Comestibles
 g - a choko
 l - 3 bread rations
 F - an apple
Scrolls
 h - 3 scrolls of identify
 n - a scroll of teleportation
 r - 4 scrolls of remove curse {unknown}
 z - a scroll of amnesia
Jewellery
 o - an uncursed ring of sustain abilities {unknown}
 p - the ring of Plahott {+cTele Dex-2 Int-4}
   (You found it on level 5 of the Dungeon)

   [ring of teleport control]

   It affects your intelligence (-4).
   It affects your dexterity (-2).
 q - an uncursed amulet of faith {unknown}
Potions
 k - 3 potions of restore abilities
Books
 t - a book of Transfigurations

   Spells                             Type                      Level
   Stoneskin                          Transmutation/Earth          2
   Ice Form                           Ice/Transmutation            4
   Statue Form                        Transmutation/Earth          6
   Dragon Form                        Transmutation                7


   Skills:
 - Level 1.5 Fighting
 - Level 2.1 Short Blades
 - Level 2.1 Throwing
 - Level 1.5 Dodging
 + Level 10.9 Stealth
 - Level 1.3 Evocations


You had 5 spell levels left.
You didn't know any spells.

Dungeon Overview and Level Annotations

Branches:
Dungeon (6/16)
 Temple: D:4-7

Altars:
Yredelemnul

Shops:
D:5 *:

Annotations:
D:4 Edmund, Ijyb


Innate Abilities, Weirdness & Mutations

You are tiny and cannot use many weapons and most armour.
You have supernaturally acute eyesight.
You are a herbivore.
You cover ground extremely quickly.
You need consume almost no food.


Message History

The bat closely misses you. The bat completely misses you.
The bat hits you but does no damage.
You hit the mummy.
The mummy is severely damaged.
The bat closely misses you. The bat hits you but does no damage.
The rat twitches its whiskers.
The orc wizard looks braver.
The mummy hits you!
* * * LOW HITPOINT WARNING * * *
Drink which item? (? for menu, Esc to quit)
It has a very clean taste.
It was a potion of cure mutation.
The bat hits you but does no damage. The bat closely misses you.
The bat completely misses you.
Read which item? (? for menu, Esc to quit)
You hit the mummy.
The mummy is severely damaged.
The bat closely misses you. The bat hits you.
* * * LOW HITPOINT WARNING * * *
The bat hits you but does no damage. The mummy hits you!
You die...

###########[##
#............#
###.....o......#
###..............#
#######...#a.a...o.....#
#r......###............#
..####### #.......o....#
### ##########a###


#rM@booo# ######## #.####### .......## (. ......... #.. ...r...#. #. .......# #
.......# .?.....# .....Z.# You could see an orc warrior, a mummy, a worker ant,
an orc wizard, an orc, a bat and a rat.

Vanquished Creatures
  A centaur (D:5)
  A worker ant (D:4)
  7 adders
  A gnoll (D:1)
  A goliath beetle zombie (D:6)
  A giant mite (D:6)
  2 giant geckos
  12 orcs
  10 bats
  3 giant cockroaches
  7 hobgoblins
  3 jackals
  7 kobolds
  A quokka (D:2)
  A ball python (D:1)
  2 giant newts
  11 goblins
  A goblin zombie (D:4)
  9 rats
81 creatures vanquished.

Notes
Turn   | Place    | Note
--------------------------------------------------------------
     0 | D:1      | Mitsuki, the Spriggan Assassin, began the quest for the Orb.
     0 | D:1      | Reached XP level 1. HP: 10/10 MP: 2/2
    56 | D:1      | Reached skill level 6 in Stealth
   163 | D:1      | Reached XP level 2. HP: 7/14 MP: 4/4
   620 | D:1      | Reached skill level 7 in Stealth
   959 | D:2      | Reached XP level 3. HP: 15/18 MP: 6/6
  1225 | D:2      | Reached skill level 8 in Stealth
  1636 | D:3      | Reached XP level 4. HP: 22/22 MP: 8/8
  1810 | D:3      | Reached skill level 9 in Stealth
  2167 | D:4      | Reached skill level 1 in Evocations
  2212 | D:4      | Noticed a phantom
  2212 | D:4      | Noticed an ogre
  2291 | D:4      | Reached XP level 5. HP: 20/25 MP: 11/11
  2388 | D:4      | Noticed Ijyb
  2466 | D:4      | Found a basalt altar of Yredelemnul.
  2627 | D:5      | Entered Level 5 of the Dungeon
  2627 | D:5      | Found Bieqoi's Book Boutique.
  2628 | D:5      | Noticed Edmund
  2885 | D:5      | Noticed a centaur
  2981 | D:5      | Found Nadghoes' General Store.
  3188 | D:5      | Got a warped jade ring
  3227 | D:5      | Noticed a centaur
  3231 | D:5      | Killed a centaur
  3231 | D:5      | Reached skill level 10 in Stealth
  3667 | D:6      | Reached XP level 6. HP: 28/30 MP: 13/13
  3734 | D:6      | Paralysed by a potion of paralysis for 5 turns
  4019 | D:6      | Noticed an orc warrior
  4047 | D:6      | Mangled by a mummy

Action                   |  1- 3 |  4- 6 || total
-------------------------+-------+-------++-------
Melee: Dagger            |   151 |   224 ||   375
 Fire: Blowgun           |     7 |     5 ||    12
Throw: Dart              |     3 |    23 ||    26
Evoke: Wand              |     1 |       ||     1
  Use: Potion            |     2 |    10 ||    12
       Scroll            |       |    14 ||    14
 Stab: Sleeping          |    12 |    16 ||    28
       Distracted        |     2 |     1 ||     3
